AoeStats
← Ronk999

Lombardia

509886669Analyzed
3v3 RM · 4d ago on Sep 28, 2026· 63m 48s· 6 players
Game mode
Random Map
Map size
Normal (6 player)
Population
200
Speed
Normal
Resources
Standard
Victory
Conquest
Starting age
Dark Age
Ending age
Imperial Age
RankedLock teamsTeams togetherTeam positionsShared explorationLock speedFull tech treeHidden civsTurbo modeCheats
Victory
Defeat
🇩🇪 Teutons · Germany
912
+16
🇩🇪 Khmer · Germany
855
+18
🇩🇪 Celts · Germany
837
+19
🇹🇷 Aztecs · Türkiye
986
-21
🇧🇴 Magyars · Bolivia
876
-16
🇹🇷 Huns · Türkiye
852
-16
DeMoTiX
10:35 Feudal Age
17:54 Castle Age
16:41 Horse Collar
17:56 Double-Bit Axe
20:31 Wheelbarrow
20:13 Bow Saw
21:36 Heavy Plow
23:45 Stone Mining
24:25 Gold Mining
25:43 Bloodlines
28:17 Loom
29:46 Hand Cart
35:04 Imperial Age
33:09 Pikeman
33:53 Husbandry
35:02 Ballistics
35:54 Fletching
36:10 Scale Barding Armor
36:24 Elite Magyar Huszar
37:38 Thumb Ring
38:00 Parthian Tactics
38:47 Chemistry
38:53 Bodkin Arrow
39:19 Chain Barding Armor
39:00 Padded Archer Armor
41:12 Two-Man Saw
39:40 Heavy Cavalry Archer
40:51 Heated Shot
41:59 Onager
42:21 Cavalier
43:06 Bracer
44:15 Heavy Scorpion
49:21 Town Watch
50:25 Paladin
50:27 Halberdier
56:08 Town Patrol
Iman Power
7:38 Loom
9:50 Feudal Age
13:53 Forging
16:02 Scale Mail Armor
17:03 Double-Bit Axe
17:54 Horse Collar
22:31 Castle Age
20:57 Fletching
21:08 Padded Archer Armor
21:26 Gold Mining
22:34 Eagle Warrior
23:19 Squires
24:04 Chain Mail Armor
25:14 Wheelbarrow
24:25 Town Watch
25:48 Iron Casting
27:28 Gambesons
29:49 Bow Saw
30:52 Heavy Plow
30:49 Pikeman
33:03 Hand Cart
35:56 Imperial Age
35:21 Arson
36:05 Elite Eagle Warrior
38:43 Blast Furnace
38:14 Plate Mail Armor
38:23 Ballistics
38:02 Man-at-Arms
39:06 Atlatl
39:31 Garland Wars
39:47 Long Swordsman
39:50 Crossbowman
40:05 Elite Jaguar Warrior
40:52 Capped Ram
41:37 Arbalester
41:40 Two-Handed Swordsman
42:59 Leather Archer Armor
42:39 Bodkin Arrow
43:14 Siege Ram
46:52 Champion
49:32 Caravan
55:38 Gold Shaft Mining
54:54 Stone Mining
55:13 Onager
YANCI
8:31 Loom
11:31 Feudal Age
13:17 Wheelbarrow
14:38 Double-Bit Axe
15:15 Horse Collar
20:23 Padded Archer Armor
20:29 Scale Barding Armor
24:43 Castle Age
23:21 Fletching
25:50 Elite Skirmisher
25:51 Crossbowman
26:37 Thumb Ring
27:20 Bow Saw
27:15 Heavy Plow
31:09 Husbandry
31:11 Stone Mining
31:11 Gold Mining
30:47 Light Cavalry
35:21 Gold Shaft Mining
40:06 Imperial Age
37:58 Hand Cart
38:22 Bloodlines
38:38 Chain Barding Armor
40:51 Leather Archer Armor
40:51 Bodkin Arrow
41:50 Cavalier
42:29 Hussar
47:17 Plate Barding Armor
47:54 Scale Mail Armor
47:17 Paladin
54:57 Two-Man Saw
60:09 Heavy Cavalry Archer
Matambo
12:46 Feudal Age
16:45 Castle Age
18:49 Loom
19:50 Double-Bit Axe
21:29 Husbandry
21:45 Bloodlines
24:06 Wheelbarrow
23:33 Horse Collar
25:32 Gold Mining
28:54 Scale Barding Armor
30:33 Chain Barding Armor
30:28 Heavy Plow
31:27 Forging
31:56 Hand Cart
33:56 Iron Casting
33:35 Stone Mining
39:23 Imperial Age
38:01 Padded Archer Armor
37:51 Fletching
39:50 Leather Archer Armor
39:31 Bodkin Arrow
40:01 Ballistics
39:24 Elite Ballista Elephant
40:26 Conscription
40:38 Double Crossbow
41:25 Bow Saw
43:00 Chemistry
42:43 Plate Barding Armor
42:44 Bracer
43:21 Ring Archer Armor
49:43 Blast Furnace
59:58 Caravan
60:28 Coinage
Ronk999
5:43 Loom
11:24 Feudal Age
15:28 Castle Age
14:24 Double-Bit Axe
14:29 Man-at-Arms
16:16 Scale Mail Armor
17:23 Forging
18:04 Long Swordsman
22:19 Chain Mail Armor
22:31 Squires
27:11 Wheelbarrow
26:59 Horse Collar
27:32 Bow Saw
32:02 Arson
33:36 Hand Cart
33:18 Town Watch
37:58 Imperial Age
37:01 Stone Mining
37:01 Gold Mining
37:58 Iron Casting
37:30 Scale Barding Armor
37:41 Town Patrol
39:16 Plate Mail Armor
39:47 Blast Furnace
39:10 Caravan
40:13 Stone Shaft Mining
39:57 Heavy Plow
41:00 Two-Man Saw
39:27 Elite Teutonic Knight
41:08 Conscription
46:46 Chemistry
46:07 Ballistics
51:40 Crop Rotation
57:13 Cavalier
58:05 Bloodlines
59:18 Paladin
Bronko
10:56 Feudal Age
12:28 Double-Bit Axe
12:24 Horse Collar
14:47 Wheelbarrow
14:28 Gold Mining
17:37 Castle Age
19:31 Heavy Plow
20:10 Bow Saw
20:50 Pikeman
22:45 Stone Mining
26:47 Wheelbarrow
29:05 Hand Cart
29:28 Town Watch
31:09 Town Patrol
32:36 Gold Shaft Mining
35:18 Heated Shot
38:36 Imperial Age
38:42 Heavy Scorpion
39:37 Furor Celtica
41:24 Chemistry
52:41 Ballistics
53:35 Caravan
Connection lost

Rejoining the realm…

Still unreachable

The connection could not be restored.

Session expired

The server has moved on; the page needs a fresh start.